 Dungeon Crawl Stone Soup version 0.16.2-12-gd0ad4c3 (webtiles) character file.

21960 Ijustatesigmund the Covert (level 12, -4/77 HPs)
             Began as an Octopode Wizard on Oct 20, 2015.
             Was the Champion of Cheibriados.
             Slain by an enchanted long sword (28 damage)
             ... on level 13 of the Dungeon on Oct 21, 2015.
             The game lasted 02:12:12 (20187 turns).

Ijustatesigmund the Covert (Octopode Wizard)       Turns: 20187, Time: 02:12:12

Health: -4/77      AC:  8    Str: 21    XL:     12   Next: 95%
Magic:  34/35      EV: 22    Int: 43    God:    Cheibriados [******]
Gold:   293        SH:  7    Dex: 23    Spells: 8 memorised, 2 levels left

rFire  . . .     SeeInvis +     t - +5 morningstar (protect)
rCold  . . .     Clarity  .     V - +1 buckler of Forking Paths {Int+4}
rNeg   + . .     SustAb   .     b - +2 hat
rPois  +         Gourm    .     D - amulet of resist corrosion
rElec  .         Spirit   .     a - ring of poison resistance
rCorr  +         Warding  .     q - ring of protection from magic
rMut   .         Stasis   .     H - ring of teleport control
MR     +....                    R - +3 ring of slaying
Stlth  ++++++++..               P - ring of stealth
                                X - +5 ring of evasion
                                m - ring of positive energy
                                Y - ring "Cliosam" {MP+9 Dex-4 Slay+2 SInv}

@: very slightly contaminated, repel missiles, very slow, somewhat resistant to
hostile enchantments, extraordinarily stealthy
A: almost no armour, amphibious, 8 rings, constrict 8, camouflage 1, breathe
flames 2, gelatinous body 1
a: Bend Time, Temporal Distortion, Slouch, Step From Time, Renounce Religion,
Breathe Fire, Evoke Teleport Control


You were on level 13 of the Dungeon.
You worshipped Cheibriados.
Cheibriados was exalted by your worship.
You were not hungry.

You visited 3 branches of the dungeon, and saw 17 of its levels.

You collected 1922 gold pieces.
You spent 1629 gold pieces at shops.

Inventory:

Hand weapons
 t - a +5 morningstar of protection (weapon)
Missiles
 f - 4 tomahawks (quivered)
 r - 22 exploding sling bullets
Armour
 b - a +2 hat (worn)
 V - the +1 buckler of Forking Paths (worn) {Int+4}
   (You acquired it on level 12 of the Dungeon)

   It affects your intelligence (+4).
Rods
 L - a +0 rod of ignition (12/12)
   (You found it on level 9 of the Dungeon)
Jewellery
 a - a ring of poison resistance (left tentacle)
 m - a ring of positive energy (on tentacle)
 o - an uncursed amulet of the gourmand {unknown}
 q - a ring of protection from magic (right tentacle)
 D - an amulet of resist corrosion (around mantle)
 H - a ring of teleport control (on tentacle)
 O - an uncursed amulet of guardian spirit
 P - a ring of stealth (on tentacle)
 R - a +3 ring of slaying (on tentacle)
 X - a +5 ring of evasion (on tentacle)
 Y - the ring "Cliosam" (on tentacle) {MP+9 Dex-4 Slay+2 SInv}
   (You bought it in a shop on level 11 of the Dungeon)

   [ring of magical power]

   It affects your dexterity (-4).
   It affects your accuracy and damage with ranged weapons and melee attacks
   (+2).
   It affects your magic capacity (+9).
   It enhances your eyesight.
Magical devices
 e - a wand of disintegration (4)
 g - a wand of flame (11)
 n - a wand of lightning (1)
 I - a wand of teleportation (4)
 M - a wand of invisibility (5)
Scrolls
 i - a scroll of magic mapping
 l - 4 scrolls of blinking
 p - a scroll of amnesia
 s - 3 scrolls of recharging
 T - 2 scrolls of fog
 U - a scroll of summoning
 Z - 2 scrolls of remove curse
Potions
 h - 4 potions of brilliance
 v - a potion of cancellation
 x - a potion of ambrosia
 z - a potion of haste {unknown}
 A - a potion of flight
 B - a potion of restore abilities
 C - a potion of curing
 E - 2 potions of heal wounds
 F - a potion of lignification
 G - a potion of mutation
 J - a potion of agility
 K - a potion of magic
 S - a potion of might {unknown}
Books
 c - a book of Minor Magic

   Spells                             Type                      Level
   a - Magic Dart                     Conjuration                  1
   b - Blink                          Translocation                2
   c - Call Imp                       Summoning                    2
   d - Repel Missiles                 Charms/Air                   2
   e - Slow                           Hexes                        2
   f - Conjure Flame                  Conjuration/Fire             3
   g - Mephitic Cloud                 Conjuration/Poison/Air       3
 j - a book of Enchantments

   Spells                             Type                      Level
   a - Tukima's Dance                 Hexes                        3
   b - Cause Fear                     Hexes                        4
   c - Silence                        Hexes/Air                    5
   d - Deflect Missiles               Charms/Air                   6
   e - Haste                          Charms                       6
   f - Discord                        Hexes                        8
 u - a book of Fire

   Spells                             Type                      Level
   a - Ignite Poison                  Fire/Transmutation           5
   b - Fireball                       Conjuration/Fire             5
   c - Bolt of Fire                   Conjuration/Fire             6
   d - Delayed Fireball               Conjuration/Fire             7
   e - Ring of Flames                 Charms/Fire                  7
 w - a book of Burglary

   Spells                             Type                      Level
   a - Swiftness                      Charms/Air                   2
   b - Passwall                       Transmutation/Earth          3
   c - Passage of Golubria            Translocation                4
   d - Lee's Rapid Deconstruction     Earth                        5
   e - Invisibility                   Hexes                        6
   f - Darkness                       Hexes                        7
 N - a book of Alchemy

   Spells                             Type                      Level
   a - Sublimation of Blood           Necromancy                   2
   b - Alistair's Intoxication        Transmutation/Poison         4
   c - Condensation Shield            Ice                          4
   d - Petrify                        Transmutation/Earth          4
   e - Ignite Poison                  Fire/Transmutation           5
   f - Irradiate                      Conjuration/Transmutation    5
 W - an Akashic Record {highlevel, unknown}

   This book is beyond your current level of understanding.

   Spells                             Type                      Level
   a - Dispersal                      Translocation                6
   b - Controlled Blink               Translocation                7
   c - Malign Gateway                 Summoning/Translocation      7
   d - Disjunction                    Translocation                8
   e - Singularity                    Translocation                9
Comestibles
 d - 6 bread rations
 k - 6 meat rations


   Skills:
 + Level 5.5 Fighting
 + Level 5.3 Maces & Flails
 - Level 2.0 Throwing
 - Level 5.0 Dodging
 - Level 11.0 Stealth
 - Level 5.4 Shields
 + Level 6.8 Spellcasting
 - Level 7.3 Conjurations
 - Level 1.0 Summonings
 - Level 5.0 Translocations
 - Level 4.6 Transmutations
 - Level 7.0 Fire Magic
 - Level 4.6 Air Magic
 - Level 4.0 Poison Magic
 - Level 7.4 Invocations


You had 2 spell levels left.
You knew the following spells:

 Your Spells              Type           Power        Failure   Level  Hunger
a - Magic Dart            Conj           ####         1%          1    None
b - Blink                 Tloc           N/A          1%          2    None
c - Repel Missiles        Chrm/Air       ####..       1%          2    None
d - Mephitic Cloud        Conj/Pois/Air  ######..     1%          3    None
e - Call Imp              Summ           ###.....     1%          2    None
f - Conjure Flame         Conj/Fire      ######..     1%          3    None
g - Passage of Golubria   Tloc           N/A          2%          4    None
h - Irradiate             Conj/Trmt      ######....   6%          5    ###....


Dungeon Overview and Level Annotations

Branches:
Dungeon (13/15)            Temple (1/1) D:4            Lair (0/8) D:9
    Orc (3/4) D:9          Vaults (0/5) D:13
    Elf: Orc:3-4

Altars:
Ashenzari
Cheibriados
Elyvilon
Fedhas
Gozag
Makhleb
Nemelex Xobeh
Okawaru
Ru
Sif Muna
Vehumet
Xom
Yredelemnul
Zin
The Shining One
Beogh

Shops:
D:8 }   D:10 !   D:11 =

Portals:
Trove: D:11 (give 14 scrolls of teleportation)


Innate Abilities, Weirdness & Mutations

You cannot wear most types of armour.
You are amphibious.
You can wear up to eight rings at the same time.
You can use your tentacles to constrict many enemies at once.
Your skin changes colour to match your surroundings (Stealth).
Your rubbery body absorbs attacks (AC +1).
You can breathe fire.


Message History

The fireball explodes!
The fireball engulfs you!
The fireball engulfs the enchanted long sword.
The enchanted long sword completely resists.
Read which item? (? for menu, Esc to quit)
Blink to where?
Press: ? - help, Dir - move target cursor, p - enchanted long sword You are very lightly contaminated with residual magic.
As you read the scroll of blinking, it crumbles to dust.
The enchanted long sword hits you! The enchanted long sword hits you!
You block the enchanted long sword's attack.
The enchanted long sword completely misses you.
The enchanted long sword barely misses you.
The enchanted long sword hits you.
Read which item? (? for menu, Esc to quit)
Blink to where?
Press: ? - help, Dir - move target cursor
As you read the scroll of blinking, it crumbles to dust.
The enchanted long sword hits you! The enchanted long sword hits you!!
You die...

#...................#
#.##.#.######..#####
.# #.....T# #.# .#
######.# ###.# .# #.#
#...# .# #.# #.# # .#
#.# #.# .# #.#####.#
.# #.(@....# .###
######..# ...####
#..# ......# #..#
##.##.# #..# #.##.#
##..# ##.##.# ##(..##
##.##.# ##.....##
##.##.# #.......#


You could see an enchanted long sword.

Vanquished Creatures
  A centaur warrior (D:13)
  2 unseen horrors
  2 hill giants
  A griffon (D:9)
  A manticore (D:11)
  An ugly thing (D:9)
  An efreet (D:12)
  3 kobold demonologists
  2 trolls
  A merfolk (D:9)
  4 polar bears (D:9)
  Grinder (D:3)
  A slime creature (D:12)
  A two-headed ogre (D:10)
  2 deep elf magi
  9 yaks
  A wraith (D:11)
  The ghost of kraktruk the Magician, an average DECj (D:4)
  A water elemental (D:12)
  2 hogs (D:9)
  A steam dragon (D:8)
  5 hippogriffs
  2 hungry ghosts
  A warg (Orc:2)
  2 wolves (D:9)
  A water moccasin (D:13)
  2 sky beasts
  4 black bears
  6 ice beasts
  23 centaurs
  2 eyes of draining
  10 orc warriors
  7 ogres
  5 phantoms
  4 big kobolds
  7 giant frogs
  8 killer bees
  4 scorpions
  4 wights (D:8)
  8 crimson imps
  4 centaur zombies
  3 goliath beetles
  4 giant frog zombies
  6 centaur skeletons
  17 orc priests
  7 jellies
  12 hounds
  5 iguanas
  29 orc wizards
  10 worker ants
  2 sheep (D:9)
  Ijyb (D:4)
  Jessica (D:3)
  A hound skeleton (D:8)
  A mummy (D:10)
  A worker ant zombie (D:5)
  3 gnolls (D:8)
  6 worms
  19 adders
  3 shadow imps
  2 white imps (D:10)
  2 giant mites
  2 ufetubi (D:10)
  2 adder skeletons
  5 giant geckos
  4 oozes
  120 orcs
  2 ball pythons
  13 bats
  A bat skeleton (D:8)
  2 bat zombies
  5 giant cockroaches
  16 goblins
  17 hobgoblins
  5 quokkas
  A giant gecko skeleton (D:4)
  5 giant newts
  A giant spore (D:9)
  4 jackals
  23 kobolds
  A quokka skeleton (D:5)
  15 rats
  2 ballistomycetes (D:9)
529 creatures vanquished.

Vanquished Creatures (collateral kills)
  A cyclops (D:12)
  4 slime creatures (D:12)
  An ice beast (D:12)
  The ghost of Turgon the Ruffian, an average OgTm (D:3)
  A killer bee (D:11)
  A crimson imp (D:12)
  An orc priest (D:10)
  A hound (D:4)
  4 orcs
15 creatures vanquished.

Vanquished Creatures (others)
  4 crimson imps (D:4)
  3 white imps
  A shadow imp (D:3)
  A giant spore (D:12)
  A ballistomycete (D:12)
  4 plants (D:12)
14 creatures vanquished.

Grand Total: 558 creatures vanquished

Notes
Turn   | Place    | Note
--------------------------------------------------------------
     0 | D:1      | Ijustatesigmund, the Octopode Wizard, began the quest for the Orb.
     0 | D:1      | Reached XP level 1. HP: 11/11 MP: 4/4
   306 | D:1      | Reached XP level 2. HP: 17/17 MP: 3/6
   310 | D:1      | Learned a level 2 spell: Blink
   313 | D:1      | Learned a level 2 spell: Repel Missiles
   933 | D:1      | Reached skill level 4 in Stealth
  1187 | D:2      | Reached XP level 3. HP: 13/21 MP: 0/7
  1419 | D:2      | Learned a level 3 spell: Mephitic Cloud
  1890 | D:2      | Reached skill level 1 in Air Magic
  1890 | D:2      | Reached XP level 4. HP: 16/27 MP: 3/9
  2174 | D:2      | Found an iron altar of Okawaru.
  2178 | D:2      | Reached skill level 1 in Poison Magic
  2471 | D:3      | Noticed Turgon's ghost (average OgTm)
  2494 | D:4      | Reached XP level 5. HP: 31/31 MP: 7/11
  2505 | D:4      | Reached skill level 5 in Stealth
  2541 | D:4      | Learned a level 2 spell: Call Imp
  2657 | D:4      | Noticed Ijyb
  2706 | D:4      | Killed Ijyb
  3044 | D:4      | Noticed kraktruk's ghost (average DECj)
  3045 | D:5      | Entered Level 5 of the Dungeon
  3376 | D:4      | Gained mutation: You can breathe flames. [potion of beneficial mutation]
  3404 | D:4      | Reached skill level 1 in Fighting
  3404 | D:4      | Reached XP level 6. HP: 19/38 MP: 4/12
  3487 | D:4      | Noticed an ogre
  3501 | D:4      | Killed an ogre
  3611 | D:4      | Gained mutation: You can breathe fire. [potion of beneficial mutation]
  3668 | D:3      | Noticed Grinder
  4089 | D:3      | Noticed Jessica
  4092 | D:3      | Killed Jessica
  4547 | D:4      | Reached XP level 7. HP: 33/45 MP: 8/14
  4938 | D:5      | Found a basalt altar of Yredelemnul.
  5369 | D:5      | You fall through a shaft for 3 floors!
  5420 | D:7      | Found a sacrificial altar of Ru.
  6082 | D:6      | Reached skill level 1 in Maces & Flails
  6082 | D:6      | Reached XP level 8. HP: 50/50 MP: 11/16
  6088 | D:6      | Found a deep blue altar of Sif Muna.
  6288 | D:6      | Reached skill level 5 in Conjurations
  6913 | D:7      | Found a runed door.
  6949 | D:7      | Found a glowing golden altar of the Shining One.
  6952 | D:7      | Found a white marble altar of Elyvilon.
  6960 | D:7      | Found a glowing silver altar of Zin.
  7735 | D:7      | Reached XP level 9. HP: 54/54 MP: 9/20
  7817 | D:7      | Reached skill level 5 in Spellcasting
  7817 | D:7      | Reached skill level 6 in Conjurations
  8151 | D:7      | Found a roughly hewn altar of Beogh.
  8277 | D:8      | Noticed a steam dragon
  8555 | D:8      | Killed a steam dragon
  8956 | D:8      | Reached skill level 5 in Dodging
  9271 | D:8      | Noticed a hungry ghost
  9275 | D:8      | Found Suot's Gadget Shoppe.
  9295 | D:8      | Killed a hungry ghost
  9295 | D:8      | Reached skill level 7 in Conjurations
  9391 | D:8      | Bought a wand of teleportation (4) for 336 gold pieces
  9775 | D:4      | Found a staircase to the Ecumenical Temple.
  9782 | Temple   | Entered the Ecumenical Temple
  9895 | Temple   | Became a worshipper of Cheibriados the Contemplative
  9980 | D:4      | HP: 2/54 [kraktruk's ghost/spray of energy (11)]
  9991 | D:4      | Killed kraktruk's ghost
  9991 | D:4      | Reached skill level 1 in Invocations
 10286 | D:4      | Reached skill level 1 in Throwing
 10643 | D:3      | Killed Turgon's ghost
 10771 | D:3      | Killed Grinder
 10771 | D:3      | Reached XP level 10. HP: 54/60 MP: 21/24
 10851 | D:3      | Learned a level 3 spell: Conjure Flame
 11067 | D:8      | Acquired Cheibriados' first power
 11077 | D:8      | Reached skill level 1 in Fire Magic
 11241 | D:9      | Found a staircase to the Lair.
 11492 | D:9      | Noticed a green ugly thing
 11515 | D:9      | Killed a green ugly thing
 12507 | D:9      | Found a staircase to the Orcish Mines.
 12535 | D:9      | Found a roughly hewn altar of Beogh.
 13193 | D:9      | Found a huge runed gate.
 13195 | D:9      | Noticed a griffon
 13195 | D:9      | Found a huge runed gate.
 13195 | D:9      | Found a huge runed gate.
 13196 | D:9      | Found a huge runed gate.
 13250 | D:9      | Noticed a griffon
 13299 | D:9      | Reached skill level 5 in Invocations
 13504 | D:9      | Killed a griffon
 13504 | D:9      | Reached XP level 11. HP: 34/67 MP: 20/25
 13516 | D:8      | Acquired Cheibriados' second power
 13753 | D:9      | Reached skill level 5 in Fire Magic
 14537 | D:10     | Entered Level 10 of the Dungeon
 14757 | D:10     | Reached skill level 8 in Stealth
 14763 | D:10     | Acquired Cheibriados' third power
 14815 | D:10     | Identified a +0 rod of ignition (12/12) (You found it on level 9 of the Dungeon)
 14818 | D:10     | Found Shraokiuwk's Distillery.
 14827 | D:10     | Bought a potion of heal wounds for 55 gold pieces
 14827 | D:10     | Bought a potion of curing for 33 gold pieces
 14827 | D:10     | Bought a potion of magic for 88 gold pieces
 14928 | D:10     | Noticed a hill giant
 14939 | D:10     | Killed a hill giant
 15182 | D:10     | Learned a level 4 spell: Passage of Golubria
 15188 | D:10     | Learned a level 5 spell: Irradiate
 15382 | D:10     | Reached skill level 9 in Stealth
 15491 | D:10     | Reached skill level 1 in Transmutations
 15949 | D:11     | Acquired Cheibriados' fourth power
 16179 | D:11     | Found a portal to a secret trove of treasure.
 16456 | D:11     | Reached skill level 5 in Translocations
 16464 | D:11     | Found Xaes' Jewellery Boutique.
 16473 | D:11     | Bought a +1 ring of slaying for 60 gold pieces
 16473 | D:11     | Bought a cursed -5 ring of protection for 20 gold pieces
 16473 | D:11     | Bought a +5 ring of evasion for 550 gold pieces
 16530 | D:11     | Reached skill level 10 in Stealth
 16694 | D:11     | Reached XP level 12. HP: 69/75 MP: 19/25
 17477 | Orc:1    | Entered Level 1 of the Orcish Mines
 17977 | Orc:3    | Reached skill level 5 in Fighting
 18310 | Orc:2    | Found an iron altar of Okawaru.
 18495 | D:11     | Bought an uncursed ring of stealth for 175 gold pieces
 18495 | D:11     | Bought the ring "Cliosam" {MP+9 Dex-4 Slay+2 SInv} for 312 gold pieces
 18591 | D:12     | Reached skill level 11 in Stealth
 19361 | D:12     | Identified a scroll of acquirement
 19364 | D:12     | Got a warped buckler
 19370 | D:12     | Identified the +1 buckler of Forking Paths {Int+4} (You acquired it on level 12 of the Dungeon)
 19442 | D:12     | Reached skill level 1 in Shields
 19860 | D:13     | Noticed a centaur warrior
 19872 | D:13     | Killed a centaur warrior
 20012 | D:13     | Reached skill level 5 in Shields
 20057 | D:13     | Reached skill level 5 in Maces & Flails
 20175 | D:13     | Found a gate to the Vaults.
 20175 | D:13     | Noticed an enchanted long sword
 20175 | D:13     | Noticed an enchanted long sword
 20187 | D:13     | Slain by an enchanted long sword

Action                   |  1- 3 |  4- 6 |  7- 9 | 10-12 || total
-------------------------+-------+-------+-------+-------++-------
Melee: Unarmed           |    13 |       |       |       ||    13
       Dagger            |    10 |   106 |    18 |       ||   134
       Morningstar       |       |       |   206 |   533 ||   739
Throw: Tomahawk          |     2 |       |    11 |     5 ||    18
       Javelin           |       |       |     6 |     4 ||    10
 Cast: Magic Dart        |    84 |    87 |   243 |   213 ||   627
       Repel Missiles    |     2 |       |     2 |     3 ||     7
       Mephitic Cloud    |       |    13 |    32 |    70 ||   115
       Blink             |       |     2 |     1 |     9 ||    12
       Call Imp          |       |     4 |     9 |     5 ||    18
       Conjure Flame     |       |       |       |    10 ||    10
       Passage of Golubr |       |       |       |     3 ||     3
Invok: Temporal Distorti |       |       |       |     1 ||     1
       Slouch            |       |       |       |     2 ||     2
 Abil: Breathe Fire      |       |     2 |     9 |    28 ||    39
  Use: Scroll            |     6 |     5 |    10 |    15 ||    36
       Potion            |       |     4 |     4 |     1 ||     9
 Stab: Sleeping          |       |     4 |     6 |    30 ||    40
       Confused          |       |     7 |     7 |    21 ||    35
       Distracted        |       |       |     1 |     2 ||     3
  Eat: Chunk             |     3 |     5 |    12 |    13 ||    33
       Pizza             |       |     2 |       |       ||     2
       Beef jerky        |       |     1 |     1 |     2 ||     4
       Fruit             |       |       |     6 |     4 ||    10
       Bread ration      |       |       |     2 |     2 ||     4
